 Dungeon Crawl Stone Soup version bcrawl-1.12-11-gb93c957c58 (webtiles) character file.

Game seed: 5114510936919785354

3 MisterOstroum the Charmwright (level 1, 13/17 HPs)
             Began as a Ghoul Skald on June 24, 2019.
             Quit the game on level 1 of the Dungeon.
             The game lasted 00:01:46 (33 turns).

MisterOstroum the Charmwright (Ghoul Skald)           Turns: 33, Time: 00:01:47

Health: 13/17      AC:  3    Str: 14    XL:     1   Next: 50%
Magic:  0/2        EV: 11    Int: 11    God:
Gold:   0          SH:  0    Dex:  8    Spells: 2/3 levels left

rFire    . . .     SeeInvis .   a - +0 hand axe
rCold    + . .     Gourm    .   (no shield)
rNeg     + + +     Faith    .   b - +0 leather armour
rPois    ∞         Spirit   .   (no helmet)
rElec    .         Reflect  .   (no cloak)
rCorr    .         Harm     .   (no gloves)
MR       .....                  (no boots)
Stlth    +.........             (no amulet)
HPRegen  0.05/turn              f - +3 ring of intelligence
MPRegen  0.08/turn              (no ring)

@: rotting
A: rotting body, claws 1, carnivore, cold resistance 1, negative energy
resistance 3, inhibited regeneration, torment resistance, unbreathing
a: no special abilities


You were on level 1 of the Dungeon.
You were not hungry.

You visited 1 branch of the dungeon, and saw 1 of its levels.

Inventory:

Hand Weapons
 a - a +0 hand axe (weapon)
Armour
 b - a +0 leather armour (worn)
Jewellery
 f - a +3 ring of intelligence (left claw)
Scrolls
 c - a scroll of blinking {unknown}
 d - a scroll of fear {!r}
Comestibles
 e - a ration {!d}


   Skills:
 + Level 2.2 Fighting
 + Level 1.8 Axes
 + Level 0.9 Armour
 + Level 1.8 Dodging
 + Level 1.8 Spellcasting
 + Level 2.7 Charms


You had 2 spell levels left.
You knew the following spells:

 Your Spells              Type           Power        Failure   Level  Hunger
a - Infusion              Chrm           #.......     12%         1    ##.....

Your spell library contained the following spells:

 Spells                   Type           Power        Failure   Level  Hunger
 Song of Slaying          Chrm           #.......     19%         2    ###....
 Ozocubu's Armour         Chrm/Ice       #.......     54%         3    ####...
 Regeneration             Chrm/Necr      #.........   54%         3    ####...
 Spectral Weapon          Hex/Chrm       #.......     54%         3    ####...


Dungeon Overview and Level Annotations

Branches:
Dungeon (1/12)

Altars:


Innate Abilities, Weirdness & Mutations

Your body is rotting away.
You thrive on raw meat.
You are immune to poison.
You have sharp fingernails.
You are carnivorous and can eat meat at any time.
Your flesh is cold resistant. (rC+)
You are immune to negative energy. (rN+++)
You do not regenerate when monsters are visible.
You are immune to unholy pain and torment.
You can survive without breathing.


Message History

e - a ration Welcome, MisterOstroum the Ghoul Skald.
It is said that the Orb of Zot exists deep within this dungeon.
Press ? for a list of commands and other information.
Found a scroll labeled VAEXAMOWISK.
Found a staircase leading out of the dungeon.
Found a leather armour.
A bat comes into view.
The bat hits you but does no damage. The bat misses you.
You see here a scroll labeled VAEXAMOWISK.
You barely miss the bat. The bat hits you but does no damage.
You slash the bat!
You kill the bat!
No target in view!
c - a scroll labeled VAEXAMOWISK
f - a shiny jade ring A hobgoblin comes into view.
It is wielding a +0 club.
The hobgoblin shouts!
Found a stone staircase leading down.
Put on which piece of jewellery? (? for menu, Esc to quit)
You feel clever.
f - a +3 ring of intelligence (left claw)
Casting: Infusion (safe; 12% risk of failure)
Confirm with . or Enter, or press ? or * to list all spells.
You begin infusing your attacks with magical energy.
A hobgoblin comes into view.
The hobgoblin shouts!
You hit the hobgoblin.
You kill the hobgoblin!
Your magical infusion is running out.
Found 127 arrows.
You see here a +0 club.
You hit the hobgoblin.
The hobgoblin is moderately wounded.
The hobgoblin barely misses you.
Your leather armour prevents you from hitting the hobgoblin.
The hobgoblin is moderately wounded.
The hobgoblin hits you.
You slash the hobgoblin!
You kill the hobgoblin!
You see here a hobgoblin corpse.
You are no longer magically infusing your attacks.
Quiver which item? (- for none, * to show all) (? for menu, Esc to quit)
Okay, then.
You aren't carrying any potions.
Are you sure you want to abandon this character and quit the game? (Confirm with "yes".)

#### ....## #... ###
.....## ...#
...###....# #..#
......#...## #..#
#.....#...###+#..#
#....#..........#
##....#...#......#
##.....#...##).†@.#
......#...###...>.#
...###....##..........
###......###..........#
.....[.### #..........+
...##### #..........#
#### #..........+
#.....(....#


There were no monsters in sight!

Vanquished Creatures
  2 hobgoblins (D:1)
  A bat (D:1)
3 creatures vanquished.

Notes
Turn   | Place    | Note
-------+----------+-------------------------------------------
     0 | D:1      | MisterOstroum the Ghoul Skald began the quest for the Orb.
     0 | D:1      | Reached XP level 1. HP: 17/17 MP: 2/2
    33 | D:1      | Quit the game

Action                   || total
-------------------------++-------
Melee: Hand axe          ||     6
 Cast: Infusion          ||     1
Armor: Leather armour    ||     2
Dodge: Dodged            ||     2
